 Dungeon Sprint DCSS version 0.30.1-11-g7821555f0a (webtiles) character file.

Game seed: 8705148969950248357

53823 Groucho the Severer (level 14, -8/145 HPs)
             Began as a Naga Monk on Nov 22, 2023.
             Was the Champion of Cheibriados.
             Killed from afar by a black draconian knight (20 damage)
             ... with a bolt of lightning
             ... in the Dungeon (Sprint VII: "The Pits").
             The game lasted 00:17:30 (9160 turns).

Groucho the Severer (Naga Monk)                     Turns: 9160, Time: 00:17:30

Health: -8/145     AC: 30    Str: 29    XL:     14   Next: 70%
Magic:  31/31      EV: 17    Int: 32    God:    Cheibriados [******]
Gold:   0          SH: 17    Dex: 33    Spells: 40/40 levels left

rFire   . . .        B - +5 broad axe
rCold   . . .        H - +0 kite shield
rNeg    . . .        o - +5 plate armour
rPois   +            D - +2 helmet {SInv}
rElec   .            d - +2 cloak {Will+}
rCorr   .            (no gloves)
SInv    +            (no barding)
Will    ++...        (no amulet) Stlth
                     b - +3 ring of intelligence
HPRegen 0.44/turn    p - +3 ring of dexterity
MPRegen 0.22/turn

%: no teleportation
@: very slow
A: AC +4, large, see invisible, deformed body, poison resistance, slowness 2,
spit poison 1, naga tail 2
a: Spit Poison, Renounce Religion, Bend Time, Temporal Distortion, Slouch, Step
From Time


You were in the Dungeon.
You worshipped Cheibriados.
Cheibriados was exalted by your worship.
You visited 1 branch

Inventory:

Hand Weapons
 f - a +3 demon whip of electrocution
 s - a +2 broad axe of flaming
 B - a +5 broad axe (weapon)
 G - the +27 heavy crossbow "Sniper" {heavy, Acc+∞ SInv}
   (You took it off Donald in the Dungeon)

   Acc+∞: It never misses its target.
   SInv:      It lets you see invisible.
Armour
 d - a +2 cloak of willpower (worn)
 o - a +5 plate armour (worn)
 t - +2 gold dragon scales
 D - a +2 helmet of see invisible (worn)
 H - a +0 kite shield (worn)
Jewellery
 b - a +3 ring of intelligence (left hand)
 p - a +3 ring of dexterity (right hand)
 z - a ring of positive energy
 E - a ring of willpower
Wands
 u - a wand of digging (6)
Scrolls
 j - 4 scrolls of blinking
 l - 5 scrolls of amnesia
 m - a scroll of butterflies
 v - 2 scrolls of enchant armour
 w - 3 scrolls of fog
 y - 4 scrolls of identify
 A - 2 scrolls of silence
 F - a scroll of poison
Potions
 a - a potion of mutation
 c - a potion of ambrosia
 e - 8 potions of curing
 g - 3 potions of haste
 h - 3 potions of magic
 i - 5 potions of berserk rage
 k - 2 potions of invisibility
 n - 2 potions of heal wounds
 q - 2 potions of resistance
 r - 3 potions of might
 x - a potion of brilliance


   Skills:
 + Level 14.9 Fighting
 - Level 18.0 Axes
 * Level 17.3 Armour
 + Level 12.7 Dodging
 + Level 13.4 Shields
 + Level 13.5 Spellcasting
 - Level 14.0 Invocations


You had 40 spell levels left.
You didn't know any spells.
Your spell library contained the following spells:

 Spells                   Type           Power      Damage    Failure   Level
 Shock                    Conj/Air       84%        1d8       16%         1
 Blink                    Tloc           42%        N/A       24%         2
 Cigotuvi's Dreadful Rot  Necr/Pois/Air  42%        N/A       24%         2
 Static Discharge         Conj/Air       42%        2-4/arc   24%         2
 Call Canine Familiar     Summ           21%        N/A       43%         3
 Gell's Gravitas          Tloc           21%        N/A       43%         3
 Ignite Poison            Fire/Tmut/Pois 21%        N/A       43%         3
 Inner Flame              Hex/Fire       21%        N/A       43%         3
 Portal Projectile        Hex/Tloc       42%        N/A       43%         3
 Swiftness                Air            21%        N/A       43%         3
 Teleport Other           Tloc           21%        N/A       43%         3
 Vhi's Electric Charge    Tloc/Air       42%        N/A       43%         3
 Airstrike                Air            10%        2d(2-18)  83%         4
 Leda's Liquefaction      Hex/Erth       10%        N/A       83%         4
 Passage of Golubria      Tloc           21%        N/A       83%         4
 Summon Lightning Spire   Summ/Air       21%        N/A       83%         4
 Freezing Cloud           Conj/Ice/Air   10%        6-21      99%         5
 Silence                  Hex/Air        10%        N/A       99%         5
 Dispersal                Tloc           10%        N/A       100%        6
 Malign Gateway           Summ/Tloc      10%        N/A       100%        7
 Borgnjor's Revivificati  Necr           10%        N/A       100%        8
 Discord                  Hex            10%        N/A       100%        8
 Disjunction              Tloc           10%        N/A       100%        8
 Lehudib's Crystal Spear  Conj/Erth      10%        10d4      100%        8
 Maxwell's Capacitive Co  Air            10%        ∞         100%        8
 Necromutation            Tmut/Necr      10%        N/A       100%        8
 Summon Horrible Things   Summ           10%        N/A       100%        8
 Death's Door             Necr           10%        N/A       100%        9


Dungeon Overview and Level Annotations

Branches:
Dungeon (1/1)

Altars:
Ashenzari
Cheibriados
Dithmenos
Elyvilon
Fedhas
Gozag
Hepliaklqana
Kikubaaqudgha
Makhleb
Nemelex Xobeh
Okawaru
Qazlal
Ru
Sif Muna
Trog
Uskayaw
Vehumet
Wu Jian
Xom
Yredelemnul
Zin
The Shining One
Jiyva
Lugonu


Innate Abilities, Weirdness & Mutations

Your serpentine skin is tough. (AC +4)
You have supernaturally acute eyesight. (SInv)
Armour fits poorly on your strangely shaped body.
Your system is resistant to poisons. (rPois)
You cover ground very slowly.
You can spit poison.
You can use your snake-like lower body to constrict enemies.


Message History

You feel much better.
You constrict the black draconian knight.
The deep elf knight casts a spell.
The deep elf knight flickers and vanishes for a moment.
You block the black draconian knight's attack.
Blink to where?
Press: ? - help, Dir - move target You lose your grip on something.
As you read the scroll of blinking, it crumbles to dust.
The black draconian knight breathes lightning at you.
The bolt of lightning misses you.
The deep elf archer shoots an arrow.
The arrow hits the deep elf knight!
A deep elf zephyrmancer comes into view.
It is wielding a +0 short sword.
You barely miss the black draconian knight.
You grab the black draconian knight.
The black draconian knight is heavily wounded.
You constrict the black draconian knight, but do no damage.
You block the black draconian knight's attack.
You completely miss the black draconian knight.
The black draconian knight is heavily wounded.
You constrict the black draconian knight.
The black draconian knight breathes lightning at you.
The bolt of lightning hits you!!! The bolt of lightning hits you!!
* * * LOW HITPOINT WARNING * * *
The bolt of lightning hits the black draconian knight.
The black draconian knight completely resists.
The bolt of lightning hits the black draconian knight.
The black draconian knight completely resists.
Unknown command.
You release your grip on the black draconian knight.
The black draconian knight attacks as you move away!
You block the black draconian knight's attack.
The black draconian knight hits you with a +4 great mace!
* * * LOW HITPOINT WARNING * * *
The black draconian knight closely misses you.
The black draconian knight hits you with a +4 great mace.
* * * LOW HITPOINT WARNING * * *
The black draconian knight breathes lightning at you.
The bolt of lightning hits you!!
You die...

))..))..)).....#).#
.....#)........#..#
..####.##'###'##..#
###..#.#[[#[.[[#).#
#..'.#[[#.[[[#))#
##############''#
####''# #.))..#
....).#.@## ....)
##q.# ..... #..##
..#..###e.# .
##..#ee.# #.......#
. ##..#...#
..#..###..# e....
#..##


You could see a black draconian knight (fast, catching breath), a deep elf
archer (repels missiles), a deep elf knight (invisible) and a deep elf
pyromancer.

Vanquished Creatures
  A golden dragon (D)
  2 liches (D)
  A sphinx (D)
  Donald (D)
  2 nagarajas (D)
  2 orc warlords (D)
  A green draconian (D)
  A red draconian (D)
  A yellow draconian (D)
  An eidolon (D)
  2 deep elf death magi (D)
  Josephine (D)
  2 great orbs of eyes (D)
  4 deep elf high priests (D)
  A fire dragon (D)
  3 yaktaur captains (D)
  3 vault guards (D)
  An ogre mage (D)
  A spriggan air mage (D)
  A centaur warrior (D)
  An anaconda (D)
  A death knight (D)
  A death yak (D)
  3 hell hogs (D)
  2 vampire magi (D)
  A soul eater (D)
  2 deep elf knights (D)
  A sun demon (D)
  Nergalle (D)
  An iron troll (D)
  A shadow wraith (D)
  A deep troll (D)
  11 orc knights (D)
  3 harpies (D)
  A lindwurm (D)
  2 deep elf pyromancers (D)
  A deep elf zephyrmancer (D)
  A cyclops (D)
  A naga mage (D)
  Joseph (D)
  2 gargoyles (D)
  An unseen horror (D)
  A komodo dragon (D)
  6 yaktaurs (D)
  A wandering mushroom (D)
  An ice devil (D)
  A hornet (D)
  A tyrant leech (D)
  A tarantella (D)
  2 jumping spiders (D)
  A snapping turtle (D)
  4 dream sheep (D)
  A shadow (D)
  2 water elementals (D)
  4 wraiths (D)
  15 yaks (D)
  A spriggan (D)
  2 wyverns (D)
  A fire bat (D)
  A basilisk (D)
  A steam dragon (D)
  2 redbacks (D)
  2 wargs (D)
  An acid dragon (D)
  3 floating eyes (D)
  3 hell hounds (D)
  Pargi (D)
  2 orc warriors (D)
  An ice beast (D)
  4 wolves (D)
  2 phantoms (D)
  A bullfrog (shapeshifter) (D)
  A bullfrog (D)
  10 killer bees (D)
  A crimson imp (D)
  A small abomination (D)
  A quasit (D)
  A hound (D)
  3 orc priests (D)
  An iron imp (D)
  A jelly (D)
  2 hell rats (D)
  An iguana (D)
  An orc wizard (D)
  A gnoll (D)
  An adder (D)
  An ufetubus (D)
  An adder zombie (D)
  An adder simulacrum (D)
  5 orcs (D)
  2 endoplasms (D)
  A giant cockroach (D)
  3 goblins (D)
  2 jackals (D)
  A ball python skeleton (D)
  A bat (D)
  A frilled lizard (D)
  A quokka zombie (D)
  2 rats (D)
189 creatures vanquished.

Notes
Turn   | Place    | Note
-------+----------+-------------------------------------------
     0 | D        | Groucho the Naga Monk began the quest for the Orb.
     0 | D        | Reached XP level 1. HP: 21/21 MP: 1/1
    11 | D        | HP: 1/21 [gnoll/+0 club (5)]
    16 | D        | Reached skill level 1 in Armour
    16 | D        | Reached skill level 1 in Invocations
    16 | D        | Reached XP level 2. HP: 19/28 MP: 1/3
   278 | D        | Found a bloodstained altar of Trog.
   278 | D        | Found a shimmering blue altar of Sif Muna.
   278 | D        | Found a viscous altar of Jiyva.
   278 | D        | Found a hazy altar of Hepliaklqana.
   278 | D        | Found an opulent altar of Gozag.
   279 | D        | Found a glowing golden altar of the Shining One.
   279 | D        | Found a glowing silver altar of Zin.
   279 | D        | Found a basalt altar of Yredelemnul.
   279 | D        | Found a shimmering altar of Xom.
   279 | D        | Found an ornate altar of the Wu Jian Council.
   279 | D        | Found a sacrificial altar of Ru.
   279 | D        | Found a stormy altar of Qazlal.
   279 | D        | Found an iron altar of Okawaru.
   279 | D        | Found a sparkling altar of Nemelex Xobeh.
   279 | D        | Found a burning altar of Makhleb.
   279 | D        | Found a blossoming altar of Fedhas.
   279 | D        | Found a white marble altar of Elyvilon.
   279 | D        | Found a shadowy altar of Dithmenos.
   279 | D        | Found a snail-covered altar of Cheibriados.
   281 | D        | Found a radiant altar of Vehumet.
   281 | D        | Found a corrupted altar of Lugonu.
   282 | D        | Found a hide-covered altar of Uskayaw.
   282 | D        | Found an ancient bone altar of Kikubaaqudgha.
   282 | D        | Found a broken altar of Ashenzari.
   290 | D        | Became a worshipper of Cheibriados the Contemplative
   290 | D        | Reached * piety under Cheibriados
   290 | D        | Reached ** piety under Cheibriados
   302 | D        | Noticed a floating eye
   305 | D        | Paralysed by a floating eye for 3 turns
   309 | D        | Killed a floating eye
   310 | D        | Reached skill level 5 in Axes
   310 | D        | Reached XP level 3. HP: 36/36 MP: 3/6
   310 | D        | Reached XP level 4. HP: 44/44 MP: 3/7
   312 | D        | Reached *** piety under Cheibriados
   720 | D        | Reached **** piety under Cheibriados
   721 | D        | Reached XP level 5. HP: 38/50 MP: 8/8
   724 | D        | Noticed a floating eye
   725 | D        | Killed a floating eye
   725 | D        | Reached ***** piety under Cheibriados
   726 | D        | Reached skill level 6 in Axes
   726 | D        | Reached skill level 5 in Invocations
   793 | D        | Noticed a warg
   796 | D        | Killed a warg
   797 | D        | Reached skill level 5 in Fighting
   797 | D        | Reached skill level 5 in Armour
   797 | D        | Reached XP level 6. HP: 59/61 MP: 4/11
   798 | D        | Reached skill level 7 in Axes
   801 | D        | Reached XP level 7. HP: 65/67 MP: 4/13
  1136 | D        | Noticed a deep elf pyromancer
  1143 | D        | Killed a deep elf pyromancer
  1144 | D        | Reached skill level 8 in Axes
  1144 | D        | Reached skill level 5 in Dodging
  1144 | D        | Reached XP level 8. HP: 40/76 MP: 8/15
  1520 | D        | Reached ****** piety under Cheibriados
  1521 | D        | Reached skill level 5 in Shields
  1521 | D        | Reached skill level 5 in Spellcasting
  1648 | D        | Noticed an ice devil
  1650 | D        | Killed an ice devil
  1651 | D        | Reached skill level 9 in Axes
  1783 | D        | Noticed a death yak
  1795 | D        | Killed a death yak
  1796 | D        | Reached skill level 10 in Invocations
  1796 | D        | Reached XP level 9. HP: 23/86 MP: 8/17
  2303 | D        | Noticed a tarantella
  2303 | D        | Noticed a lindwurm
  2304 | D        | Killed a tarantella
  2305 | D        | Reached skill level 10 in Axes
  2305 | D        | Killed a lindwurm
  2306 | D        | Reached XP level 10. HP: 96/96 MP: 7/20
  2560 | D        | Noticed a deep elf zephyrmancer
  2562 | D        | Reached skill level 11 in Axes
  2562 | D        | Killed a deep elf zephyrmancer
  3000 | D        | Noticed a hell hog
  3000 | D        | Noticed a hell hog
  3000 | D        | Noticed a hell hog
  3000 | D        | Noticed an orc knight
  3003 | D        | Killed a hell hog
  3004 | D        | Reached skill level 12 in Axes
  3004 | D        | Reached skill level 10 in Armour
  3004 | D        | Reached XP level 11. HP: 106/106 MP: 11/22
  3005 | D        | Killed an orc knight
  3005 | D        | Killed a hell hog
  3006 | D        | Killed a hell hog
  3348 | D        | Noticed Pargi
  3351 | D        | Killed Pargi
  3352 | D        | Reached skill level 13 in Axes
  3367 | D        | Noticed Josephine
  3372 | D        | Killed Josephine
  3770 | D        | Reached skill level 10 in Fighting
  4192 | D        | Noticed a shadow wraith
  4197 | D        | Killed a shadow wraith
  4198 | D        | Reached skill level 14 in Axes
  4198 | D        | Reached XP level 12. HP: 98/116 MP: 18/25
  4455 | D        | Noticed a centaur warrior
  4458 | D        | Killed a centaur warrior
  5164 | D        | Noticed an orc warlord
  5165 | D        | Noticed an orc warlord
  5169 | D        | Reached skill level 15 in Axes
  5169 | D        | Killed an orc warlord
  5169 | D        | Killed an orc warlord
  5170 | D        | Reached skill level 10 in Shields
  5170 | D        | Reached skill level 10 in Spellcasting
  5785 | D        | Noticed an eidolon
  5789 | D        | Killed an eidolon
  6039 | D        | Noticed a vault guard
  6040 | D        | Noticed a yaktaur captain
  6043 | D        | Killed a yaktaur captain
  6043 | D        | Killed a vault guard
  6044 | D        | Gained mutation: You can use your snake-like lower body to
                  | constrict enemies. [Naga growth]
  6044 | D        | Reached XP level 13. HP: 108/128 MP: 11/27
  6048 | D        | Reached skill level 16 in Axes
  6052 | D        | Noticed a yaktaur captain
  6061 | D        | Reached skill level 10 in Dodging
  6061 | D        | Killed a yaktaur captain
  6505 | D        | Noticed a yaktaur captain
  6505 | D        | Noticed a vault guard
  6507 | D        | Killed a yaktaur captain
  6508 | D        | Killed a vault guard
  6509 | D        | Noticed a red draconian
  6524 | D        | Killed a red draconian
  6525 | D        | Reached skill level 17 in Axes
  6788 | D        | Noticed a vault guard
  6796 | D        | Killed a vault guard
  7015 | D        | Noticed Nergalle
  7015 | D        | Noticed a golden dragon
  7015 | D        | Noticed a deep elf high priest
  7017 | D        | Killed a deep elf high priest
  7018 | D        | Killed Nergalle
  7019 | D        | Killed a golden dragon
  7392 | D        | Noticed a fire dragon
  7392 | D        | Noticed a great orb of eyes
  7393 | D        | Reached skill level 15 in Armour
  7394 | D        | Noticed a great orb of eyes
  7395 | D        | Killed a great orb of eyes
  7396 | D        | Reached skill level 18 in Axes
  7396 | D        | Killed a fire dragon
  7397 | D        | Killed a great orb of eyes
  7398 | D        | Noticed Joseph
  7399 | D        | Reached XP level 14. HP: 55/141 MP: 4/30
  7407 | D        | Killed Joseph
  7436 | D        | Noticed Donald
  7567 | D        | Killed Donald
  8201 | D        | Noticed a lich
  8210 | D        | Killed a lich
  8216 | D        | Noticed a lich
  8216 | D        | Noticed a yellow draconian
  8217 | D        | Noticed a nagaraja
  8220 | D        | Killed a lich
  8223 | D        | Killed a yellow draconian
  8233 | D        | Killed a nagaraja
  8408 | D        | Noticed a nagaraja
  8414 | D        | Killed a nagaraja
  8548 | D        | Noticed a green draconian
  8559 | D        | Killed a green draconian
  9113 | D        | Noticed a sphinx
  9120 | D        | Paralysed by a sphinx for 2 turns
  9124 | D        | Killed a sphinx
  9131 | D        | Got the Essays on Feathery Bad Luck
  9135 | D        | Got Uzxatt's Folio of the Scribe
  9142 | D        | Noticed a black draconian knight
  9160 | D        | Killed from afar by a black draconian knight

Illustrated notes

Levels and vault maps discovered:
D:        pitsprint [storerooms_1, entrance_room_1, metal_vault_2, armoury_2,
          mini_pit_1, grid_room_1, main_hall_1, silver_pit, the_coven_3,
          the_vestibule_1, steel_vault_1, golden_pit, hallway_of_sentries,
          crystal_vault_5, iron_vault_1, final_vault]

Skill      XL: |  1  2  3  4  5  6  7  8  9 10 11 12 13 14 |
---------------+-------------------------------------------+-----
Armour         | 1 3 5 6 7 8 10 11 13 15 17 | 17.3
Invocations    | 1 4 6 8 10 11 12 14 | 14.0
Fighting       | 4 5 6 7 8 9 10 11 13 14 | 14.9
Axes           | 5 6 7 8 9 10 12 14 15 18 | 18.0
Dodging        | 3 4 5 6 7 8 9 11 12 | 12.7
Shields        | 2 3 4 5 6 7 8 10 11 13 | 13.4
Spellcasting   | 2 3 4 5 6 7 9 10 12 13 | 13.5

Action                     |  1- 3 |  4- 6 |  7- 9 | 10-12 | 13-15 || total
---------------------------+-------+-------+-------+-------+-------++-------
  Melee: Hand axe          |     9 |    12 |     9 |       |       ||    30
         Broad axe         |       |       |    11 |    29 |   144 ||   184
         Constrict         |       |       |       |       |    30 ||    30
 Invoke: Slouch            |       |     2 |     8 |    32 |    26 ||    68
    Use: Potion            |     2 |       |       |     1 |    11 ||    14
         Scroll            |       |       |       |       |     1 ||     1
 Armour: Robe              |       |     2 |       |       |       ||     2
         Plate armour      |       |     9 |    10 |    43 |    55 ||   117
  Dodge: Dodged            |     1 |    17 |     3 |    59 |    85 ||   165
  Block: Kite shield       |       |       |       |       |    41 ||    41
